 Dungeon Crawl Stone Soup version 0.30-a0-757-ga6a79fd877 (webtiles) character file.

Game seed: 2225082194539960090

18 Newt the Shooter (level 2, -1/19 HPs)
             Began as a Kobold Hunter on Feb 9, 2023.
             Slain by an iguana (10 damage)
             ... on level 2 of the Dungeon.
             The game lasted 00:00:46 (852 turns).

Newt the Shooter (Kobold Hunter)                     Turns: 852, Time: 00:00:46

Health: -1/19      AC:  4    Str: 14    XL:     2   Next: 85%
Magic:  2/2        EV: 14    Int: 10    God:
Gold:   30         SH:  0    Dex: 18    Spells: 1/1 levels left

rFire   . . .      SeeInvis .    a - +0 shortbow
rCold   . . .      Faith    .    (shield currently unavailable)
rNeg    . . .      Spirit   .    c - +0 leather armour
rPois   .          Reflect  .    (no helmet)
rElec   .          Harm     .    m - scarf {+Inv}
rCorr   .          Rampage  .    l - +0 pair of gloves
Will    .....                    (no boots)
Stlth   +++                      (no amulet)
HPRegen 0.23/turn                f - +6 ring of strength
MPRegen 0.08/turn                (no ring)

@: flying
A: small, no large weapons, nightstalker 3
a: Evoke Invisibility


You were on level 2 of the Dungeon.
You visited 1 branch of the dungeon, and saw 2 of its levels.

You collected 30 gold pieces.

Inventory:

Hand Weapons
 a - a +0 shortbow (weapon)
Missiles
 j - a throwing net
Armour
 c - a +0 leather armour (worn)
 l - a +0 pair of gloves (worn)
 m - a scarf of invisibility (worn)
Jewellery
 f - a +6 ring of strength (left hand)
Scrolls
 b - a scroll of immolation
 k - a scroll of noise
 o - a scroll of vulnerability
Potions
 e - a potion of ambrosia
 g - a potion of lignification {unknown}
 h - a potion of flight
 i - a potion of haste {unknown}
 n - a potion of resistance {unknown}


   Skills:
 + Level 3.5 Fighting
 - Level 5.3 Ranged Weapons
 - Level 2.4 Dodging
 - Level 1.3 Stealth


You had one spell level left.
You didn't know any spells.
Your spell library contained the following spells:

 Spells                   Type           Power      Damage    Failure   Level
 Summon Forest            Summ/Tloc      0%         N/A       100%        5
 Eringya's Noxious Bog    Tmut/Pois      0%         N/A       100%        6
 Summon Hydra             Summ           0%         N/A       100%        7


Dungeon Overview and Level Annotations

Branches:
Dungeon (2/15)

Altars:


Innate Abilities, Weirdness & Mutations

You are small and have problems with some larger weapons.
You are completely attuned to the shadows.


Message History

No target in view!
Done exploring.
Search for what [? for help]?
Okay, then.
Search for what [? for help]? .
(D) Dungeon
Where to? (? - help)
You see here 3 stones.
There is a stone staircase leading down here.
You climb downwards.
There is a stone staircase leading up here.
As you read the scroll labelled SUZXUX PEIXYCO, it crumbles to dust.
It is a scroll of identify.
k - a scroll of noise
As you read the scroll of identify, it crumbles to dust.
o - a scroll of vulnerability
As you read the scroll of identify, it crumbles to dust.
e - a potion of ambrosia It was a potion of flight.
You feel very buoyant.
You fly up into the air.
An iguana comes into view.
An iguana is nearby!
An iguana is nearby!
You shoot an arrow. The arrow hits the iguana.
The iguana is lightly wounded.
No target in view!
No target in view!
Okay, then.
You shoot an arrow. The arrow barely misses the iguana.
You hear an angry hiss.
You shoot an arrow. The arrow hits the iguana!
The iguana is severely wounded.
The iguana bites you.
You shoot an arrow.
The arrow hits the iguana but does no damage.
The iguana is severely wounded.
The iguana bites you. The iguana bites you!
Ouch! That really hurt!
You die...

.. #..
#..###
#..l.#
#@#
#..#.#
#..#.#
#..#.#
###..#.#
.......#
....<###
######


You could see an iguana.

Vanquished Creatures
  An endoplasm (D:1)
  A quokka (D:1)
  4 ball pythons (D:1)
  4 bats (D:1)
  3 goblins (D:1)
  2 kobolds (D:1)
  2 rats (D:1)
17 creatures vanquished.

Notes
Turn   | Place    | Note
-------+----------+-------------------------------------------
     0 | D:1      | Newt the Kobold Hunter began the quest for the Orb.
     0 | D:1      | Reached XP level 1. HP: 12/12 MP: 1/1
   364 | D:1      | Reached XP level 2. HP: 18/18 MP: 2/2
   852 | D:2      | Slain by an iguana

Illustrated notes

Levels and vault maps discovered:
D:1:      dpeg_arrival_ternary, layout_basic
D:2:      layout_loops_ring

Skill      XL: |  1  2 |
---------------+-------+-----
Fighting       | 3 |  3.5
Ranged Weapons | |  5.3
Dodging        | |  2.4
Stealth        | |  1.3

Action                     || total
---------------------------++-------
   Fire: Shortbow          ||    41
    Use: Scroll            ||     3
         Potion            ||     1
 Armour: Leather armour    ||     3
  Dodge: Dodged            ||    10

Table legend: (Time is in decaauts)
 A = Elapsed time spent in this place.
 B = Non-inter-level travel time spent in this place.
 C = Inter-level travel time spent in this place.
 D = Time resting spent in this place.
 E = Time spent auto-exploring this place.
 F = Levels seen in this place.
 G = Mean time per level.
                   A        B        C        D        E       F      G
               +--------+--------+--------+--------+--------+-----+--------+
         Total |    862 |    824 |     38 |      0 |    706 |   2 |  431.0 |
       Dungeon |    862 |    824 |     38 |      0 |    706 |   2 |  431.0 |
               +--------+--------+--------+--------+--------+-----+--------+

Top non-repeatable levels by time:
     D:1: 847 daAuts
     D:2: 15 daAuts
